 Dungeon Crawl Stone Soup version 0.21.1-1-g345015fe64 (webtiles) character file.

127332 Oravi the Peltast (level 17, -12/117 HPs)
             Began as a Halfling Fighter on Mar 29, 2018.
             Was an Elder of Okawaru.
             Mangled by an Executioner (18 damage)
             ... summoned by Asterion
             ... on level 2 of the Spider Nest.
             The game lasted 03:39:32 (32976 turns).

Oravi the Peltast (Halfling Fighter)               Turns: 32976, Time: 03:39:33

Health: -12/117    AC: 26    Str: 22    XL:     17   Next: 55%
Magic:  24/24      EV: 24    Int:  6    God:    Okawaru [****..]
Gold:   2986       SH: 21    Dex: 19    Spells: 16/16 levels left

rFire    . . .     SeeInvis .   a - +7 rapier (vamp)
rCold    + . .     Gourm    +   c - +3 shield
rNeg     . . .     Faith    .   M - +4 chain mail {rPois}
rPois    +         Spirit   .   R - +2 helmet of the Raven {rC+}
rElec    .         Reflect  .   l - +0 cloak
rCorr    .         Harm     .   z - +1 pair of gloves {Dex+3}
MR       ++...                  x - +2 pair of boots
Stlth    ..........             J - amulet of the gourmand
HPRegen  0.29/turn              F - +1 ring of protection
MPRegen  0.19/turn              d - ring of protection from magic

@: heroism, corroded
A: small, mutation resistance 1
a: Heroism, Renounce Religion


You were on level 2 of the Spider Nest.
You worshipped Okawaru.
Okawaru was greatly pleased with you.
You were completely stuffed.

You visited 6 branches of the dungeon, and saw 28 of its levels.

You collected 2986 gold pieces.

Inventory:

Hand Weapons
 a - a +7 vampiric rapier (weapon)
 s - a +0 hunting sling
Missiles
 e - 743 stones (quivered)
 m - 247 sling bullets
Armour
 c - a +3 shield (worn)
 i - the +7 plate armour "Irubog" {rC+ Str+7 Int+4}
   (Okawaru gifted it to you on level 12 of the Dungeon)

   It affects your strength (+7).
   It affects your intelligence (+4).
   It protects you from cold.
 l - a +0 cloak (worn)
 x - a +2 pair of boots (worn)
 z - a +1 pair of gloves of dexterity (worn)
 G - the +0 ring mail of the Mind {*Corrode +Blink rElec Dex+8}
   (You found it on level 13 of the Dungeon)

   It affects your dexterity (+8).
   It insulates you from electricity.
   It lets you blink.
   It may corrode you when you take damage.
 H - a +1 ring mail of cold resistance
 K - a +1 plate armour of cold resistance
 M - a +4 chain mail of poison resistance (worn)
 O - a scarf of spirit shield
 R - the +2 helmet of the Raven (worn) {rC+}
   (Okawaru gifted it to you on level 2 of the Orcish Mines)

   It protects you from cold.
 T - a +1 chain mail of fire resistance
 U - a +1 chain mail of magic resistance
Jewellery
 b - the ring "Jyas" {Wiz rN+}
   (You found it on level 14 of the Dungeon)

   [ring of wizardry]

   It improves your spell success rate.
   It protects you from negative energy.
 d - a ring of protection from magic (right hand)
 h - an uncursed amulet of regeneration
 t - an uncursed ring of flight
 F - a +1 ring of protection (left hand)
 J - an amulet of the gourmand (around neck)
Wands
 o - a wand of polymorph (19)
 p - a wand of enslavement (22)
 q - a wand of digging (34)
 u - a wand of disintegration (18)
 w - a wand of clouds (4)
 y - a wand of flame (76)
 E - a wand of iceblast (17)
Scrolls
 g - 11 scrolls of remove curse
 j - 12 scrolls of identify
 k - 3 scrolls of fog
 n - 2 scrolls of magic mapping
 r - a scroll of blinking
 A - 2 scrolls of teleportation
 D - a scroll of acquirement {unknown}
 Q - a scroll of brand weapon
Potions
 v - 6 potions of brilliance
 C - 3 potions of resistance
 I - a potion of invisibility
 N - a potion of haste
Comestibles
 f - 37 rations
 B - 2 chunks of flesh


   Skills:
 + Level 11.5(16.5) Fighting
 + Level 15.4(20.4) Short Blades
 + Level 10.8(15.8) Armour
 + Level 12.0(17.0) Dodging
 + Level 18.1(23.1) Shields
 - Level 10.0 Invocations
 + Level 2.5 Evocations


You had 16 spell levels left.
You didn't know any spells.

Dungeon Overview and Level Annotations

Branches:
Dungeon (15/15)            Temple (1/1) D:6            Lair (6/6) D:9
  Swamp (1/4) Lair:2       Spider (3/4) Lair:2        Slime (0/5) Lair:6
    Orc (2/2) D:11            Elf (0/3) Orc:2        Vaults (0/5) D:13
 Depths (0/5) D:15

Altars:
Ashenzari
Cheibriados
Dithmenos
Elyvilon
Fedhas
Gozag
Hepliaklqana
Kikubaaqudgha
Makhleb
Nemelex Xobeh
Okawaru
Qazlal
Ru
Sif Muna
Trog
Uskayaw
Vehumet
Wu Jian
Xom
Yredelemnul
Zin
The Shining One
Jiyva

Shops:
D:15 !   Orc:2 :=[%(

Portals:
Trove: D:11 (give 14 scrolls of teleportation)

Annotations:
D:7 lava
D:8 dig
Spider:2 Asterion


Innate Abilities, Weirdness & Mutations

You are small and have problems with some larger weapons.
You are somewhat resistant to further mutation.


Message History

You block the Executioner's attack. x2
You block the Executioner's attack. x2; The Executioner barely misses you.
The orb spider weaves a glowing orb of energy.
You block the Executioner's attack.
The Executioner hits you but does no damage. x2
The tarantella hisses angrily.
The Executioner closely misses you. x2; The Executioner misses you.
The Executioner hits you.
* * * LOW HITPOINT WARNING * * *
You block the Executioner's attack.
The Executioner hits you but does no damage.
The Executioner closely misses you. The Executioner hits you.
* * * LOW HITPOINT WARNING * * *
You block the Executioner's attack. The Executioner completely misses you.
The Executioner hits you but does no damage.
The Executioner closely misses you. You block the Executioner's attack.
The Executioner hits you but does no damage.
The Executioner closely misses you. The Executioner hits you!!
You die...

#...###..........#...#.........##
......#.........###.#....#....###
.....#...#.H#...##.###..)....^#..
...........^#...#######......##..
...........#^..#..<^# ###.#.##...
.......##.##....#... ###..#...
#...#..####.sss..#. #..##..
..^....###..###^.#### #<##...
.......#...#..^.@...## ####..#
.....#.....###..1....## ##..
.....^....#.###..a....## #..
..........##..####.....# ###
....#.#...#..######s...#
........##.^##.(###....#
..#...#^##.....ss...#....#
........###....s.#..#.#...#
.....a....^......#...^. .#.


You could see Asterion, an entropy weaver, an Executioner, an orb spider, a
tarantella and a redback.

Vanquished Creatures
  Saint Roka (Orc:2)
  An emperor scorpion (Spider:1)
  An orc warlord (Orc:1)
  Nessos (Lair:5)
  An entropy weaver (Spider:1)
  A dire elephant (D:15)
  Snorg (Lair:5)
  The ghost of supermoro the Covert, a journeyman KoEn of Gozag (Lair:4)
  The ghost of deadestbob the Fighter, a journeyman HOFi of Lugonu (D:9)
  Josephine (Lair:5)
  4 vault guards (D:13)
  3 hydras
  The ghost of Balth the Thaumaturge, a journeyman GnSk of Qazlal (D:11)
  Harold (D:10)
  2 centaur warriors (D:15)
  2 catoblepae
  A death knight (D:15)
  4 death yaks (Lair:5)
  11 two-headed ogres
  Urug (Orc:1)
  5 orc high priests (Orc:2)
  Sonja (D:11)
  4 skeletal warriors
  A flayed ghost (D:13)
  4 unseen horrors
  A wizard (D:15)
  9 orc knights
  An oklob plant (Lair:3)
  4 orb spiders
  A manticore (D:12)
  5 orc sorcerers
  2 moths of wrath
  8 wolf spiders
  6 ugly things
  3 cyclopes
  3 elephants (Lair:6)
  The ghost of Wolfborn the Covert, a novice OpAs of Xom (D:8)
  A torpor snail (Spider:1)
  2 guardian serpents
  A naga mage (D:15)
  8 black mambas
  Psyche (D:11)
  17 spiny frogs
  An efreet (D:15)
  3 rime drakes
  5 komodo dragons
  4 demonic crawlers
  5 trolls
  2 polar bears
  3 hornets
  14 jumping spiders
  A tyrant leech (Swamp:1)
  24 blink frogs
  5 dream sheep (Lair:6)
  7 hippogriffs
  34 redbacks
  4 slime creatures
  12 wraiths
  Sigmund (D:3)
  A spriggan (D:8)
  2 shadows
  A tarantella (shapeshifter) (D:15)
  16 wyverns
  7 tarantellas
  A hungry ghost (D:14)
  8 fire bats (D:13)
  A yak (shapeshifter) (D:15)
  40 yaks
  4 basilisks
  9 vampire mosquitoes
  6 swamp worms (Lair:2)
  The ghost of FTLSpaceWarp the Grave Robber, an amateur DsNe (D:4)
  5 wargs
  22 water moccasins
  2 acid dragons
  An ice beast (D:15)
  54 orc warriors
  9 porcupines
  5 sky beasts
  A phantom (D:5)
  2 black bears
  A hornet zombie (D:15)
  4 boggarts (D:15)
  15 ogres
  11 centaurs
  21 wolves
  6 crocodiles
  3 big kobolds
  2 gnoll sergeants
  19 bullfrogs
  A water moccasin zombie (D:6)
  3 wyvern zombies
  5 scorpions
  4 killer bees (D:10)
  20 wights
  3 electric eels
  2 howler monkeys
  9 crimson imps
  2 bullfrog zombies
  6 lava snakes
  6 centaur zombies
  12 hounds
  4 jellies
  26 orc wizards
  45 orc priests
  4 centaur skeletons
  Jessica (D:3)
  2 hell rats (Lair:5)
  4 iguanas
  Natasha (thrice) (D:4 D:7)
  13 worker ants
  A killer bee zombie (D:5)
  2 hound zombies (D:6)
  2 hound skeletons
  3 worker ant zombies
  47 gnolls
  13 adders
  12 river rats (Lair:5)
  3 shadow imps
  5 oozes
  An adder skeleton (D:10)
  4 worms
  2 dart slugs
  5 leopard geckos
  120 orcs
  62 bats
  6 giant cockroaches
  14 goblins
  11 hobgoblins
  23 jackals
  10 kobolds
  7 quokkas
  3 ball pythons
  3 frilled lizards
  2 jackal skeletons (D:4)
  A leopard gecko zombie (D:6)
  2 quokka zombies
  15 rats
1088 creatures vanquished.

Vanquished Creatures (others)
  A deep elf knight (D:8)
  A boggart (D:15)
  17 fungi
  28 plants
47 creatures vanquished.

Grand Total: 1135 creatures vanquished

Notes
Turn   | Place    | Note
-------+----------+-------------------------------------------
     0 | D:1      | Oravi the Halfling Fighter began the quest for the Orb.
     0 | D:1      | Reached XP level 1. HP: 15/15 MP: 1/1
   189 | D:1      | Reached XP level 2. HP: 14/21 MP: 2/2
   310 | D:1      | Reached XP level 3. HP: 22/26 MP: 3/3
   828 | D:2      | Reached XP level 4. HP: 29/33 MP: 4/4
  1143 | D:2      | Found a blossoming altar of Fedhas.
  1223 | D:2      | Reached XP level 5. HP: 37/37 MP: 5/5
  1671 | D:3      | Noticed Sigmund
  1723 | D:3      | Killed Sigmund
  1723 | D:3      | Reached XP level 6. HP: 21/43 MP: 6/6
  1871 | D:3      | HP: 2/43 [centaur (5)]
  1875 | D:3      | Reached XP level 7. HP: 3/47 MP: 7/7
  3058 | D:3      | Found a faded altar of an unknown god.
  3109 | D:3      | Found a sacrificial altar of Ru.
  4122 | D:3      | Reached XP level 8. HP: 54/54 MP: 8/8
  4585 | D:3      | Noticed Jessica
  4594 | D:3      | Reached skill level 10 in Short Blades
  4609 | D:3      | Killed Jessica
  4916 | D:4      | Noticed FTLSpaceWarp's ghost (amateur DsNe)
  5023 | D:4      | Noticed Natasha
  5062 | D:4      | Killed Natasha
  5438 | D:5      | Entered Level 5 of the Dungeon
  5438 | D:5      | Found a shimmering altar of Xom.
  5719 | D:5      | Found an ancient bone altar of Kikubaaqudgha.
  6016 | D:5      | Reached XP level 9. HP: 58/58 MP: 9/9
  6281 | D:5      | Reached skill level 1 in Dodging
  6334 | D:5      | Reached skill level 4 in Shields
  7017 | D:6      | Found a staircase to the Ecumenical Temple.
  7023 | Temple   | Entered the Ecumenical Temple
  7357 | D:6      | Found an iron altar of Okawaru.
  7362 | D:6      | Found a sparkling altar of Nemelex Xobeh.
  7368 | D:6      | Found a sacrificial altar of Ru.
  7369 | D:6      | Found an opulent altar of Gozag.
  7374 | D:6      | Became a worshipper of Warmaster Okawaru
  7379 | D:6      | Found a shattered altar of Ashenzari.
  7811 | D:6      | Reached skill level 5 in Armour
  7954 | D:6      | You fall through a shaft for 2 floors!
  7999 | D:8      | Reached skill level 5 in Shields
  8076 | D:8      | Noticed a hippogriff
  8092 | D:8      | Killed a hippogriff
  8214 | D:8      | Noticed a two-headed ogre
  8253 | D:8      | Killed a two-headed ogre
  8253 | D:8      | Reached * piety under Okawaru
  8253 | D:8      | Reached skill level 5 in Fighting
  8253 | D:8      | Reached skill level 6 in Shields
  8253 | D:8      | Reached XP level 10. HP: 10/66 MP: 10/10
  8365 | D:8      | Noticed a deep elf knight
  8367 | D:8      | Noticed a two-headed ogre
  8577 | D:6      | You fall through a shaft for 3 floors!
  8794 | D:9      | Noticed a guardian serpent
  8817 | D:9      | Killed a guardian serpent
  8817 | D:9      | Reached ** piety under Okawaru
  9200 | D:7      | Reached skill level 1 in Invocations
  9412 | D:7      | Reached skill level 7 in Shields
 10239 | D:8      | Noticed a two-headed ogre
 10326 | D:8      | Noticed Wolfborn's ghost (novice OpAs)
 10339 | D:8      | Killed Wolfborn's ghost
 10339 | D:8      | Reached skill level 1 in Evocations
 10415 | D:8      | Noticed a two-headed ogre
 10453 | D:8      | Killed a two-headed ogre
 10453 | D:8      | Reached *** piety under Okawaru
 10453 | D:8      | Reached skill level 8 in Shields
 10453 | D:8      | Reached XP level 11. HP: 8/72 MP: 11/11
 10465 | D:8      | Noticed Natasha
 10492 | D:7      | Killed Natasha
 11141 | D:8      | Killed a two-headed ogre
 11277 | D:8      | Reached **** piety under Okawaru
 11277 | D:8      | Reached skill level 5 in Dodging
 11544 | D:4      | Killed FTLSpaceWarp's ghost
 11653 | D:9      | Found a staircase to the Lair.
 11842 | D:9      | Noticed deadestbob's ghost (journeyman HOFi)
 12014 | D:9      | Killed deadestbob's ghost
 12014 | D:9      | Reached skill level 9 in Shields
 12769 | D:10     | Entered Level 10 of the Dungeon
 13006 | D:10     | Received a gift from Okawaru
 13325 | D:10     | Noticed a two-headed ogre
 13341 | D:10     | Killed a two-headed ogre
 13341 | D:10     | Reached ***** piety under Okawaru
 13341 | D:10     | Reached XP level 12. HP: 80/80 MP: 11/13
 13812 | D:11     | Noticed a two-headed ogre
 13815 | D:11     | Noticed Balth's ghost (journeyman GnSk)
 13819 | D:11     | Noticed Psyche
 13838 | D:10     | Killed a two-headed ogre
 13838 | D:10     | Received a gift from Okawaru
 13838 | D:10     | Reached skill level 10 in Shields
 13890 | D:11     | Noticed Harold
 14028 | D:10     | Killed Harold
 14088 | D:11     | Killed Psyche
 14506 | D:11     | Killed Balth's ghost
 14696 | D:11     | Noticed Sonja
 14883 | D:11     | Killed Sonja
 14883 | D:11     | Reached skill level 11 in Shields
 14934 | D:11     | Noticed a two-headed ogre
 14954 | D:11     | Killed a two-headed ogre
 15041 | D:11     | Killed an unseen horror
 15205 | D:11     | Found a staircase to the Orcish Mines.
 15584 | D:7      | Noticed Natasha
 15591 | D:7      | Killed Natasha
 15645 | D:8      | Killed a two-headed ogre
 15645 | D:8      | Reached XP level 13. HP: 81/86 MP: 15/15
 15908 | D:11     | Found a portal to a secret trove of treasure.
 16066 | D:12     | Reached skill level 12 in Shields
 16767 | Lair:1   | Entered Level 1 of the Lair of Beasts
 16767 | Lair:1   | Found a labyrinth entrance.
 16920 | Lair:1   | Received a gift from Okawaru
 17448 | Lair:1   | Found a dark tunnel.
 18203 | Lair:2   | Noticed a catoblepas
 18226 | Lair:2   | Killed a catoblepas
 18455 | Lair:2   | Found a staircase to the Swamp.
 18629 | Lair:2   | Reached skill level 5 in Invocations
 18649 | Lair:2   | Reached skill level 13 in Shields
 18832 | Lair:2   | Received a gift from Okawaru
 18866 | Lair:2   | Found a hole to the Spider Nest.
 19502 | Lair:3   | Reached XP level 14. HP: 95/95 MP: 18/18
 20460 | Lair:4   | Noticed supermoro's ghost (journeyman KoEn)
 20494 | Lair:4   | Killed supermoro's ghost
 20796 | Lair:4   | Reached ****** piety under Okawaru
 21123 | Lair:5   | Reached skill level 14 in Shields
 21184 | Lair:5   | Noticed Josephine
 21203 | Lair:5   | Killed Josephine
 21215 | Lair:5   | Received a gift from Okawaru
 21677 | Lair:5   | Noticed Nessos
 21695 | Lair:5   | Killed Nessos
 21747 | Lair:5   | Noticed Snorg
 21766 | Lair:5   | Killed Snorg
 22159 | Lair:6   | Entered Level 6 of the Lair of Beasts
 22464 | Lair:6   | Reached XP level 15. HP: 102/103 MP: 20/20
 22611 | Lair:6   | Reached skill level 10 in Dodging
 22686 | Lair:6   | Reached skill level 10 in Fighting
 22709 | Lair:6   | Reached skill level 15 in Shields
 22937 | Lair:6   | Received a gift from Okawaru
 23036 | Lair:6   | Reached skill level 10 in Armour
 23052 | Lair:6   | Found a viscous altar of Jiyva.
 23052 | Lair:6   | Found a staircase to the Slime Pits.
 23860 | Orc:1    | Entered Level 1 of the Orcish Mines
 24097 | Orc:1    | Noticed Urug
 24137 | Orc:1    | Killed Urug
 24426 | Orc:2    | Entered Level 2 of the Orcish Mines
 24426 | Orc:2    | Found a staircase to the Elven Halls.
 24516 | Orc:2    | Reached skill level 16 in Shields
 24540 | Orc:2    | Noticed Saint Roka
 25013 | D:12     | Received a gift from Okawaru
 25016 | D:12     | Got a slimy plate armour {god gift}
 25027 | D:12     | Identified the +7 plate armour "Irubog" {rC+ Str+7 Int+4} (Okawaru gifted it to you on level 12 of the Dungeon)
 25096 | D:13     | Found a gate to the Vaults.
 25584 | D:13     | Found a runed door.
 25630 | D:13     | Reached XP level 16. HP: 109/109 MP: 23/23
 25638 | D:13     | Found a hide-covered altar of Uskayaw.
 25674 | D:13     | Found an ornate altar of the Wu Jian Council.
 25731 | D:13     | Found a snail-covered altar of Cheibriados.
 25790 | D:13     | Found a sacrificial altar of Ru.
 25820 | D:13     | Found a burning altar of Makhleb.
 25843 | D:13     | Found a sparkling altar of Nemelex Xobeh.
 26467 | D:13     | Got a polished ring mail
 26481 | D:13     | Identified the cursed +0 ring mail of the Mind {*Corrode +Blink rElec Dex+8} (You found it on level 13 of the Dungeon)
 26989 | D:14     | Got a pitted jade ring
 27333 | D:14     | Found a burning altar of Makhleb.
 27401 | D:14     | Found a glowing golden altar of the Shining One.
 27621 | D:15     | Entered Level 15 of the Dungeon
 27629 | D:15     | Reached skill level 10 in Invocations
 27812 | D:15     | Found Awnocepai's Distillery.
 28006 | D:15     | Received a gift from Okawaru
 28702 | D:15     | Found a staircase to the Depths.
 29279 | Orc:2    | Killed Saint Roka
 29279 | Orc:2    | Reached skill level 17 in Shields
 29842 | Orc:2    | Reached skill level 15 in Short Blades
 29924 | Orc:2    | Received a gift from Okawaru
 29924 | Orc:2    | Reached XP level 17. HP: 117/117 MP: 24/24
 29925 | Orc:2    | Got a bloodstained helmet {god gift}
 29936 | Orc:2    | Identified the +2 helmet of the Raven {rC+} (Okawaru gifted it to you on level 2 of the Orcish Mines)
 30074 | Orc:2    | Found Gatac's Book Emporium.
 30074 | Orc:2    | Found Siudew's Food Emporium.
 30075 | Orc:2    | Found Garhicw's Jewellery Shoppe.
 30075 | Orc:2    | Found Bor Ises's Antique Armour Emporium.
 30190 | Orc:2    | Found Jaror's Weapon Shoppe.
 31131 | Lair:1   | Identified the ring "Jyas" {Wiz rN+} (You found it on level 14 of the Dungeon)
 31183 | Swamp:1  | Entered Level 1 of the Swamp
 31335 | Spider:1 | Entered Level 1 of the Spider Nest
 32614 | Spider:2 | Reached skill level 18 in Shields
 32696 | Spider:2 | You fall through a shaft!
 32902 | Spider:2 | Noticed Asterion
 32919 | Spider:2 | Noticed an Executioner
 32975 | Spider:2 | HP: 5/117 [Executioner[Asterion] (5)]
 32976 | Spider:2 | Mangled by an Executioner

Skill      XL: |  1  2  3  4  5  6  7  8  9 10 11 12 13 14 15 16 17 |
---------------+----------------------------------------------------+-----
Fighting       | 3 5 6 7 8 9 10 11 | 11.5
Short Blades   | 3 4 6 7 9 11 12 13 14 15 | 15.4
Dodging        | 3 4 5 7 8 9 10 11 12 | 12.0
Armour         | 6 7 8 9 10 | 10.8
Shields        | 6 8 9 11 13 14 16 17 18 | 18.1
Invocations    | 1 2 5 7 9 10 | 10.0
Evocations     | 1 2 |  2.5

Action                   |  1- 3 |  4- 6 |  7- 9 | 10-12 | 13-15 | 16-18 || total
-------------------------+-------+-------+-------+-------+-------+-------++-------
Melee: Rapier            |    13 |       |       |  1097 |  2328 |  1836 ||  5274
       Dagger            |    57 |   155 |   994 |   455 |       |       ||  1661
Throw: Stone             |       |       |       |       |       |    35 ||    35
Invok: Heroism           |       |       |       |    28 |    24 |    22 ||    74
       Finesse           |       |       |       |       |    11 |     8 ||    19
 Abil: Evoke Blink       |       |       |       |       |       |     1 ||     1
       Evoke Flight      |       |       |       |       |       |     1 ||     1
Evoke: Wand              |       |       |     2 |    14 |    10 |       ||    26
  Use: Potion            |       |     8 |     7 |     6 |     7 |     5 ||    33
       Scroll            |       |       |     2 |    11 |    19 |     6 ||    38
 Stab: Distracted        |       |       |       |       |       |     1 ||     1
  Eat: Chunk             |       |     3 |    21 |    22 |    26 |    34 ||   106
       Ration            |       |       |       |     1 |     2 |     1 ||     4
Armor: Scale mail        |    16 |    52 |   162 |   209 |     2 |       ||   441
       Skin              |       |     9 |       |     4 |       |       ||    13
       Ring mail         |       |       |       |       |   227 |   139 ||   366
       Plate armour      |       |       |       |       |    23 |       ||    23
       Chain mail        |       |       |       |       |       |   146 ||   146
Dodge: Dodged            |    13 |    61 |   225 |   418 |   814 |   732 ||  2263
Block: Shield            |    27 |    79 |   277 |   629 |  1378 |  1271 ||  3661
